 Dungeon Crawl Stone Soup version 0.31.0-12-g77e489cdc1 (webtiles) character file.

Game seed: 14647633731333841448

1096 H0rd4k the Insei (level 8, -2/51 HPs)
             Began as an Octopode Artificer on Feb 28, 2024.
             Slain by an ogre
             ... wielding a +0 giant club
              (21 damage)
             ... on level 5 of the Dungeon.
             The game lasted 00:07:27 (4626 turns).

H0rd4k the Insei (Octopode Artificer)               Turns: 4626, Time: 00:07:28

Health: -2/51      AC:  1    Str: 11    XL:     8   Next: 31%
Magic:  11/11      EV: 13    Int: 16    God:
Gold:   186        SH:  5    Dex: 12    Spells: 8/11 levels left

rFire   . .          .
                       - Unarmed
rCold   . . .        (no shield)
rNeg    . . .        (helmet restricted)
rPois   .            e - amulet of reflection
rElec   .            s - ring of see invisible
rCorr   .            (no ring)
SInv    +            (no ring)
Will    .....        (no ring)
Stlth   +++          (no ring)
HPRegen 0.28/turn    (no ring)
MPRegen 0.12/turn    (no ring)
                     (no ring)

%: reflection
@: no status effects
A: almost no armour, amphibious, 8 rings, camouflage 1, gelatinous body 1,
(nimble swimmer 1), tentacles
a: no special abilities


You were on level 5 of the Dungeon.
You visited 1 branch of the dungeon, and saw 5 of its levels.
You also visited: Sewer.

You collected 186 gold pieces.

Inventory:

Missiles
 j - 18 poisoned darts (quivered)
 n - 5 atropa-tipped darts
 x - 11 curare-tipped darts
Jewellery
 e - an amulet of reflection (around mantle)
 s - a ring of see invisible (left tentacle)
 E - a +6 ring of intelligence
Talismans
 f - a blade talisman
 o - a blade talisman
Wands
 c - a wand of charming (11)
Scrolls
 g - a scroll of immolation {unknown}
 i - 2 scrolls of vulnerability {unknown}
 l - 2 scrolls of identify {unknown}
 m - 2 scrolls of brand weapon {unknown}
 p - a scroll of blinking {unknown}
 q - a scroll of fear {unknown}
 u - a scroll of poison {unknown}
 v - 4 scrolls of enchant weapon {unknown}
 w - a scroll of enchant armour {unknown}
 y - a scroll of fog {unknown}
 C - 2 scrolls of teleportation {unknown}
Potions
 a - 2 potions of magic {unknown}
 b - a potion of curing {unknown}
 d - a potion of brilliance {unknown}
 h - a potion of ambrosia {unknown}
 k - a potion of resistance {unknown}
 r - a potion of attraction {unknown}
 t - 2 potions of heal wounds {unknown}
 z - 4 potions of haste {unknown}
 A - a potion of might {unknown}
 B - 3 potions of invisibility {unknown}
 D - a potion of berserk rage {unknown}


   Skills:
 + Level 2.8 Fighting
 - Level 2.3 Dodging
 - Level 1.3 Stealth
 - Level 1.3 Shields
 + Level 7.7 Unarmed Combat
 * Level 2.0 Spellcasting
 + Level 2.0 Hexes
 - Level 3.2 Evocations
 * Level 1.8 Shapeshifting


You had 8 spell levels left.
You knew the following spells:

 Your Spells              Type           Power      Damage    Failure   Level
a - Confusing Touch       Hex            8%         N/A       26%         3

Your spell library contained the following spells:

 Spells                   Type           Power      Damage    Failure   Level
 Slow                     Hex            32%        N/A       9%          1
 Sigil of Binding         Hex            8%         N/A       26%         3
 Vampiric Draining        Necr           1%         2d6       52%         3
 Volatile Blastmotes      Fire/Tloc      2%         2d10      52%         3
 Fulminant Prism          Conj/Alch      0%         3d5       90%         4
 Iskenderun's Mystic Bla  Conj/Tloc      1%         2d3       90%         4


Dungeon Overview and Level Annotations

Branches:
Dungeon (5/15)              Sewer (visited)
 Temple: D:4-7

Altars:
Nemelex Xobeh
Okawaru
Sif Muna
Zin
The Shining One

Shops:
D:1 [[((?

Annotations:
D:1 exclusion: 2 downstairs
D:4 1 runed translucent door, exclusions: door, kobold and ogre, aloneDruid's ghost, amateur OpSh


Innate Abilities, Weirdness & Mutations

You cannot wear most types of armour.
You are amphibious.
You can wear up to eight rings at the same time.
Your skin changes colour to match your surroundings (Stealth+).
Your rubbery body absorbs attacks. (AC +1, EV +1)
((You are camouflaged when in or above water. (Stealth+)))
You have tentacles for arms and can constrict up to eight enemies at once.


Message History

Your Spellcasting skill increases to level 2!
You see here an iguana corpse.
Magic restored.
HP restored.
You now have 182 gold pieces (gained 14).
E - a +6 ring of intelligence You now have 186 gold pieces (gained 4).
Found 5 stones.
An ogre comes into view. It is wielding a +0 giant club.
An ogre is nearby!
An ogre is nearby!
You throw a poisoned dart. The poisoned dart hits the ogre.
The ogre is poisoned.
The ogre shouts!
You throw a poisoned dart. The poisoned dart hits the ogre.
The ogre looks even sicker.
The ogre is lightly wounded.
You throw a poisoned dart.
The poisoned dart barely misses the ogre.
You throw a poisoned dart. The poisoned dart hits the ogre.
The ogre is lightly wounded.
You throw a poisoned dart.
The poisoned dart barely misses the ogre.
You throw a poisoned dart. The poisoned dart hits the ogre.
The ogre is moderately wounded.
You tentacle-slap the ogre.
The ogre is moderately wounded.
The ogre hits you with a +0 giant club!!
Ouch! That really hurt!
You barely miss the ogre.
The ogre is moderately wounded.
You tentacle-slap the ogre.
The ogre is heavily wounded.
The ogre misses you.
You barely miss the ogre.
The ogre is heavily wounded.
You bludgeon the ogre!
The ogre is almost dead.
The ogre hits you with a +0 giant club!!
You die...

.......(# #
.......(##### # #
..........#.# #
.........# #
.###+###......# #
......(......# #
.........(#### #
.........O# #
.#######.@# #
#..###..################
#............+..........
#............#..........
#............#..........
#######....#######.#####
#....###..##†##..#
#.................
#.................


You could see an ogre (poisoned).

Vanquished Creatures
  Sigmund (D:4)
  An ogre (D:4)
  4 kobold brigands
  2 hounds
  2 orc priests
  An iguana (D:5)
  Robin (D:4)
  10 gnolls
  8 adders
  7 river rats (Sewer)
  3 dart slugs (D:2)
  3 ribbon worms
  14 orcs
  13 ball pythons
  2 endoplasms
  5 giant cockroaches
  13 goblins
  12 hobgoblins
  10 jackals
  4 quokkas
  11 bats
  4 frilled lizards
  22 kobolds
  25 rats
178 creatures vanquished.

Vanquished Creatures (collateral kills)
  A kobold (D:1)
1 creature vanquished.

Vanquished Creatures (others)
  A gnoll (D:2)
  A quokka (D:1)
2 creatures vanquished.

Grand Total: 181 creatures vanquished

Notes
Turn   | Place    | Note
-------+----------+-------------------------------------------
     0 | D:1      | H0rd4k the Octopode Artificer began the quest for the Orb.
     0 | D:1      | Reached XP level 1. HP: 13/13 MP: 1/1
    58 | D:1      | Found Maleblax's Antique Armour Shop.
    75 | D:1      | Reached skill level 1 in Unarmed Combat
    97 | D:1      | Reached XP level 2. HP: 18/18 MP: 2/2
   134 | D:1      | Found Xiaclesky's Antique Weapon Shoppe.
   204 | D:1      | Reached skill level 2 in Unarmed Combat
   289 | D:1      | Found Ymucit's Armour Shoppe.
   299 | D:1      | Reached XP level 3. HP: 18/23 MP: 3/3
   498 | D:1      | Found Fuzxak's Magic Scroll Emporium.
   501 | D:1      | Found Voywog's Antique Weapon Emporium.
   669 | D:1      | Reached skill level 3 in Unarmed Combat
   669 | D:1      | Reached XP level 4. HP: 25/29 MP: 4/4
  1103 | D:2      | Reached XP level 5. HP: 34/34 MP: 5/5
  1140 | D:2      | Reached skill level 4 in Unarmed Combat
  1506 | D:2      | Learned a level 3 spell: Confusing Touch
  1832 | D:3      | Found a glowing drain.
  1838 | Sewer    | Entered a sewer
  1951 | Sewer    | Reached XP level 6. HP: 34/39 MP: 6/6
  1957 | Sewer    | Reached skill level 1 in Hexes
  1962 | Sewer    | Reached skill level 5 in Unarmed Combat
  2429 | Sewer    | Reached skill level 1 in Shields
  2429 | Sewer    | Reached XP level 7. HP: 41/45 MP: 7/7
  2439 | Sewer    | Reached skill level 6 in Unarmed Combat
  2989 | D:3      | Found a glowing silver altar of Zin.
  2998 | D:3      | Found an iron altar of Okawaru.
  3393 | D:3      | Found a shimmering blue altar of Sif Muna.
  3702 | D:4      | Identified the +0 helmet of Tomorrow {rElec rN++}
  3702 | D:4      | Noticed Robin
  3705 | D:4      | Killed Robin
  3828 | D:4      | Reached skill level 1 in Spellcasting
  3848 | D:4      | Reached skill level 1 in Shapeshifting
  3869 | D:4      | Reached skill level 7 in Unarmed Combat
  4041 | D:4      | Found a glowing golden altar of the Shining One.
  4058 | D:4      | Reached XP level 8. HP: 51/51 MP: 8/10
  4093 | D:4      | Noticed Sigmund
  4095 | D:4      | Killed Sigmund
  4115 | D:4      | Found a runed translucent door.
  4115 | D:4      | Noticed aloneDruid's ghost (amateur OpSh)
  4270 | D:4      | Found a sparkling altar of Nemelex Xobeh.
  4394 | D:5      | Entered Level 5 of the Dungeon
  4626 | D:5      | Slain by an ogre

Illustrated notes

Levels and vault maps discovered:
D:1:      zelgadis_glass_arrival_small, layout_rooms, serial_shops, shop, shop,
          shop, nicolae_shop_waterfront, nicolae_shop_peninsula
D:2:      layout_loops_ring
D:3:      layout_loops_ring, general_overflow_altar, mainiacjoe_overflow_swirl,
          mainiacjoe_sewer_entry_somewhere_in_here_2, wad_orctagon
D:4:      layout_rooms, mainiacjoe_overflow_alcove_2, overflow_temple_1_default,
          hellmonk_ghost_happy_afterlife, hangedman_decor_peaks_small,
          uniq_robin, uniq_sigmund
D:5:      layout_gridville, nicolae_shop_firing_range, uniq_eustachio,
          uniq_crazy_yiuf_cottage

Skill      XL: |  1  2  3  4  5  6  7  8 |
---------------+-------------------------+-----
Unarmed Combat | 1 2 3 4 5 7 |  7.7
Fighting       | 2 |  2.8
Hexes          | 1 2 |  2.0
Shields        | 1 |  1.3
Spellcasting   | 1 2 |  2.0
Shapeshifting  | 1 |  1.8
Dodging        | |  2.3
Stealth        | |  1.3
Evocations     | |  3.2

Action                     |  1- 3 |  4- 6 |  7- 9 || total
---------------------------+-------+-------+-------++-------
  Melee: Unarmed           |    76 |   162 |   132 ||   370
         Constrict         |    20 |    42 |    36 ||    98
         Tentacles         |    17 |    44 |    33 ||    94
         Punch             |       |     8 |     6 ||    14
  Throw: Dart              |       |       |     6 ||     6
  Evoke: Wand              |     3 |     9 |    12 ||    24
   Stab: Sleeping          |     7 |     4 |     5 ||    16
         Distracted        |       |       |     1 ||     1
 Armour: Skin              |    27 |    58 |    46 ||   131
  Dodge: Dodged            |    48 |    96 |    58 ||   202
  Block: Other             |       |    24 |    23 ||    47
         Reflection        |       |     2 |     1 ||     3
